 Dungeon Crawl Stone Soup version 0.31.0-11-ge490571c62 (webtiles) character file.

Game seed: 17899870346874446404

106 qw the Skirmisher (level 4, -4/25 HPs)
             Began as a Deep Elf Hunter on Feb 5, 2024.
             Incinerated by a bombardier beetle (6 damage)
             ... with a burning spray
             ... on level 3 of the Dungeon.
             The game lasted 00:00:54 (1566 turns).

qw the Skirmisher (Deep Elf Hunter)                 Turns: 1566, Time: 00:00:55

Health: -4/25      AC:  9    Str: 10    XL:     4   Next: 55%
Magic:  0/6        EV: 11    Int: 14    God:
Gold:   182        SH:  0    Dex: 18    Spells: 3/3 levels left

rFire   . . .        a - +1 shortbow (freeze)
rCold   . . .        (shield currently unavailable)
rNeg    . . .        k - +3 ring mail
rPois   .            (no helmet)
rElec   .            (no cloak)
rCorr   .            (no gloves)
SInv    .            g - +0 pair of boots
Will    .....        e - amulet of guardian spirit
Stlth   +            (no ring)
HPRegen 0.24/turn    (no ring)
MPRegen 0.10/turn

%: guardian spirit
@: on fire, glowing
A: no striking features
a: no special abilities


You were on level 3 of the Dungeon.
You visited 1 branch of the dungeon, and saw 3 of its levels.

You collected 182 gold pieces.


   Skills:
 - Level 1.5 Fighting
 + Level 8.0 Ranged Weapons
 - Level 2.4 Dodging
 - Level 1.2 Stealth


You had 3 spell levels left.
You didn't know any spells.
Your spell library was empty.

Inventory:

Hand Weapons
 a - a +1 shortbow of freezing (weapon)
Armour
 g - a +0 pair of boots (worn)
 k - a +3 ring mail (worn)
Jewellery
 e - an amulet of guardian spirit (around neck)
Potions
 b - a potion of might {unknown}
 d - a potion of haste {unknown}
 f - 2 potions of curing
 h - a potion of mutation {unknown}
 i - a potion of degeneration {unknown}
 j - a potion of invisibility {unknown}
 l - a potion of lignification {unknown}

Dungeon Overview and Level Annotations

Branches:
Dungeon (3/15)

Altars:


Message History

You shoot an arrow. The arrow hits the bat.
The arrow freezes the bat.
You kill the bat!
An endoplasm comes into view.
You shoot an arrow. The arrow hits the endoplasm!
The arrow freezes the endoplasm.
You kill the endoplasm!
You see here a bat corpse.
Found a stone staircase leading down.
A bombardier beetle comes into view.
You shoot an arrow. The arrow hits the bombardier beetle.
The arrow freezes the bombardier beetle.
The bombardier beetle is moderately wounded.
You shoot an arrow. The arrow hits the bombardier beetle!
The arrow freezes the bombardier beetle.
The bombardier beetle is almost dead.
The bombardier beetle sprays incendiary fluid at you.
The burning spray hits you.
You are covered in liquid fire!
You shoot an arrow. The arrow hits the bombardier beetle!
The arrow freezes the bombardier beetle.
You kill the bombardier beetle!
The liquid fire burns you!
Your Ranged Weapons skill increases to level 8!
You are on fire!
The liquid fire burns you!
You are on fire!
The liquid fire burns you!
You are on fire!
The liquid fire burns you!
You are on fire!
The liquid fire burns you!
You are on fire!
The liquid fire burns you!
You are on fire!
The liquid fire burns you!
You are on fire!
The liquid fire burns you!
You are on fire!
The liquid fire burns you!
You die...

#...#.#.#######
#.##...#........##
#.##.......####.##
#.##.#.##### #.##
#.#.....# #.#%
#.##....#######.#.
#.##.##.#.........
#.##.##.#.#####.##
#@...##.#.# #.#
......>######.#.#
#.# ....#$% #.#.#
#.# .. #.. #.#.#
#.# #.. .#.# #.#
#.. #.#####.# #..
#.#...# #..
#.#.#.# #.#.#.#


There were no monsters in sight!

Vanquished Creatures
  A bombardier beetle (D:3)
  2 adders (D:2)
  3 dart slugs (D:2)
  A ball python (D:1)
  8 endoplasms
  A giant cockroach (D:2)
  9 goblins (D:1)
  5 hobgoblins (D:1)
  A quokka (D:1)
  6 bats
  4 frilled lizards
  4 kobolds
  4 rats
49 creatures vanquished.

Notes
Turn   | Place    | Note
-------+----------+-------------------------------------------
     0 | D:1      | qw the Deep Elf Hunter began the quest for the Orb.
     0 | D:1      | Reached XP level 1. HP: 12/12 MP: 3/3
     0 | D:1      | 0 ||| qw: Version: 0.3-a-160-g6735b56
     0 | D:1      | 0 ||| qw: Game counter: 6337
     0 | D:1      | 0 ||| qw: Melee chars always use a shield: true
     0 | D:1      | 0 ||| qw: God list: Okawaru
     0 | D:1      | 0 ||| qw: Allow faded altars: false
     0 | D:1      | 0 ||| qw: Do Orc after clearing Dungeon:15 true
     0 | D:1      | 0 ||| qw: Do second Lair branch before Depths: true
     0 | D:1      | 0 ||| qw: Lair rune preference: random
     0 | D:1      | 0 ||| qw: Goals: Normal
     0 | D:1      | 0 ||| PLANNING D:1-11
    73 | D:1      | Reached XP level 2. HP: 16/16 MP: 4/4
    77 | D:1      | Reached skill level 6 in Ranged Weapons
   436 | D:1      | Reached XP level 3. HP: 20/20 MP: 5/5
   465 | D:1      | Found a faded altar of an unknown god.
   647 | D:1      | 647 ||| UPGRADING to +0 pair of boots.
   652 | D:1      | 652 ||| READING scroll labelled TATWICKIOSS.
   656 | D:1      | 656 ||| READING scroll labelled YHACOOSOOB.
   656 | D:1      | 656 ||| ENCHANTING +0 shortbow.
   657 | D:1      | 657 ||| DRINKING 3 cyan potions.
   658 | D:1      | 658 ||| DROPPING scroll of butterflies.
   672 | D:2      | 672 ||| STAIRDANCE
   678 | D:2      | 678 ||| STAIRDANCE
   683 | D:2      | 683 ||| STAIRDANCE
   735 | D:2      | Reached skill level 7 in Ranged Weapons
  1377 | D:2      | Reached XP level 4. HP: 24/25 MP: 6/6
  1431 | D:2      | 1431 ||| UPGRADING to +3 ring mail.
  1441 | D:2      | 1441 ||| DROPPING +0 leather armour.
  1442 | D:2      | 1442 ||| UPGRADING to amulet of guardian spirit.
  1447 | D:2      | 1447 ||| READING scroll labelled OMUAWEO OLUPU.
  1447 | D:2      | 1447 ||| BRANDING +1 shortbow.
  1559 | D:3      | Reached skill level 8 in Ranged Weapons
  1563 | D:3      | HP: 6/25 [burnt (3)]
  1565 | D:3      | HP: 2/25 [burnt (3)]
  1566 | D:3      | Incinerated by a bombardier beetle

Levels and vault maps discovered:
D:1:      nicolae_arrival_washed_ashore, layout_basic,
          ebering_ecumenical_altar_hall, moated_statue, minmay_tromino_v7
D:2:      layout_basic, serial_forest, infiniplex_forest_straight_4,
          infiniplex_forest_zigzag_1, infiniplex_forest_clump_long,
          infiniplex_forest_split, infiniplex_forest_clump_tiny,
          infiniplex_forest_corner_1, infiniplex_forest_straight_1, st_stairs_8
D:3:      layout_basic, mainiacjoe_overflow_boulevard

Skill      XL: |  1  2  3  4 |
---------------+-------------+-----
Ranged Weapons | 6 7 8 |  8.0
Fighting       | |  1.5
Dodging        | |  2.4
Stealth        | |  1.2

Action                     |  1- 3 |  4- 6 || total
---------------------------+-------+-------++-------
   Fire: Shortbow          |   116 |     5 ||   121
    Use: Scroll            |     2 |     1 ||     3
         Potion            |     1 |       ||     1
 Armour: Leather armour    |    18 |       ||    18
  Dodge: Dodged            |    27 |       ||    27

Table legend:
 A = Non-vault XP
 B = Vault XP
 C = Vault XP percentage of total XP
 D = Non-vault monster count
 E = Vault monster count
 F = Vault count percentage of total count
                 A         B        C        D         E       F
            +---------+---------+-------+---------+---------+-------
      Total |     144 |       8 |   5.3 |      45 |       4 |   8.2
            +---------+---------+-------+---------+---------+-------
        D:1 |      43 |       8 |  15.7 |      25 |       4 |  13.8
        D:2 |      56 |       0 |   0.0 |      17 |       0 |   0.0
        D:3 |      45 |       0 |   0.0 |       3 |       0 |   0.0
            +---------+---------+-------+---------+---------+-------
